Cogmind - Beta 14 @@@ ROGUE MODE // 2025.01.01 @ 12:12:09 Player: P9H Result: Destroyed by Y-54 Guardian with Gatling Laser Performance ------------- Evolutions (3) 1500 Regions Visited (6) 1200 Robots Destroyed (52) 260 Value Destroyed (1610) 1610 Prototype IDs (1) 20 Alien Tech Used (0) 0 Bonus (283) 283 TOTAL SCORE: 4873 Bonus ------- Follower Combat Kills 305 Friendly Fire -22 Cogmind --------- Core Integrity 0/700 Matter 250/300 Energy 57/100 System Corruption 7% Temperature Cool (30) Movement Core (1350) Ox26 Location -7/Factory Parts ------- > --- POWER (2) -------- (None) > --- PROPULSION (2) --- (None) > --- UTILITY (6) ------ Huge Storage Unit > --- WEAPON (3) ------- (None) > --- INVENTORY (25) --- Light Nuclear Core Light Nuclear Core Hybrid Deuterium Engine Light Treads Heat Sink Improved Heat Sink Improved Heat Sink Improved Heat Sink Large Battery (200) Particle Charger Peak State ------------ > --- POWER ------------ Heavy Ion Engine Hybrid Deuterium Engine > --- PROPULSION ------- Light Treads Light Treads > --- UTILITY ---------- Improved Heat Sink Improved Heat Sink Improved Heat Sink Huge Storage Unit Hardened Medium Armor Plating Improved Light Armor Plating > --- WEAPON ----------- Shock Rifle Spread Laser Ion Cannon > --- INVENTORY -------- Light Nuclear Core Light Nuclear Core Light Nuclear Core Light Nuclear Core Hybrid Deuterium Engine Hybrid Deuterium Engine Light Treads Heat Sink Improved Heat Sink Improved Heat Sink Improved Heat Sink Large Battery Particle Charger Particle Charger Weapon Cycler Light Armor Plating Hardened Medium Armor Plating Reactive Plating Shock Rifle Ion Cannon Ion Cannon Ion Cannon Shock Bomb Launcher Shock Bomb Launcher [Rating: 39] Favorites ----------- Power Improved Ion Engine Engine Improved Ion Engine Power Core Light Nuclear Core Propulsion Light Treads Treads Light Treads Wheel Compact Wheel Utility Improved Heat Sink Device Improved Heat Sink Storage Huge Storage Unit Protection Light Armor Plating Weapon Ion Cannon Energy Gun Spread Laser Energy Cannon Ion Cannon Ballistic Gun Assault Rifle Launcher Shock Bomb Launcher Impact Weapon Hammer Special Melee Weapon Datajack Build | -11 -10 -10 -9 -8 -8 -7 ------- Run | Yrd Mat Min Mat Mat Sto Fac Slots Evolved 6 | . . . 2 2 . 2 Power 1 | . . . . 1 . . Propulsion . | . . . . . . . Utility 4 | . . . 2 1 . 1 Weapon 1 | . . . . . . 1 Parts Attached 68 | 6 2 4 21 6 6 23 Power 13 | 1 . . 4 3 . 5 Engine 10 | 1 . . 4 3 . 2 Core 3 | . . . . . . 3 Reactor . | . . . . . . . Propulsion 10 | 2 . 2 3 . 1 2 Treads 5 | 1 . . 2 . 1 1 Leg . | . . . . . . . Wheel 5 | 1 . 2 1 . . 1 Hover . | . . . . . . . Flight . | . . . . . . . Utility 23 | 1 2 . 6 2 4 8 Device 11 | . 1 . 3 . 3 4 Storage 3 | 1 1 . 1 . . . Processor . | . . . . . . . Hackware . | . . . . . . . Protection 9 | . . . 2 2 1 4 Artifact . | . . . . . . . Weapon 22 | 2 . 2 8 1 1 8 Energy Gun 10 | 1 . . 6 1 . 2 Energy Cannon 6 | . . . 1 . 1 4 Ballistic Gun 2 | 1 . . 1 . . . Ballistic Cannon . | . . . . . . . Launcher 2 | . . . . . . 2 Special Weapon . | . . . . . . . Impact Weapon 1 | . . 1 . . . . Slashing Weapon . | . . . . . . . Piercing Weapon . | . . . . . . . Special Melee Weapon 1 | . . 1 . . . . Unidentified Prototypes 1 | . . . . 1 . . Parts Lost 44 | . . 3 10 1 1 29 Power 9 | . . . 2 1 . 6 Propulsion 7 | . . 1 2 . . 4 Utility 14 | . . 1 3 . . 10 Weapon 14 | . . 1 3 . 1 9 Highest Loss Streak 27 | . . 3 6 1 1 27 To Critical Strikes . | . . . . . . . Average Slot Usage (%) 97 | . 99 94 92 99 99 98 Engine 14 | . 14 14 10 17 18 14 Treads 13 | . 14 . 12 18 17 14 Wheel 4 | . 14 27 5 . . . Device 13 | . 13 10 9 9 15 17 Storage 13 | . 14 14 20 18 11 7 Protection 14 | . . . 10 18 18 20 Energy Gun 11 | . 14 10 12 9 9 14 Energy Cannon 6 | . . . 5 9 8 6 Ballistic Gun 2 | . 14 10 2 . . . Peak Build Rating 39 | 6 8 9 17 23 28 39 Average Rating 22 | 4 7 8 13 21 26 35 On Entrance 12 | . 6 8 8 16 23 28 Naked Turns . | . . . . . . . Heaviest Build 123 | 13 89 89 101 119 119 123 Greatest Support 40 | 20 16 26 40 40 40 40 Greatest Overweight (x) 26 | . 5 5 9 2 2 26 Average Overweight (x) 2 | . 4 3 3 2 2 3 Largest Inventory Capacity 25 | 8 25 25 25 25 25 25 Average Capacity 24 | 7 23 25 25 25 25 25 Most Carried 25 | 5 10 25 25 25 25 25 Average Carried 22 | 3 7 16 23 23 24 24 Final Capacity 25 | 8 25 25 25 25 25 25 Final Carried 25 | 4 10 22 24 25 25 10 Class Distribution -------------------- 35% | Mutant 34% | Scavenger-Mutant 21% | Commander-Tank 7% | Tank Dominant Class ---------------- Mutant | -10/Materials Mutant | -10/Mines Scavenger-Mutant | -9/Materials Scavenger-Mutant | -8/Materials Mutant | -8/Storage Commander-Tank | -7/Factory Resources | -11 -10 -10 -9 -8 -8 -7 ----------- Run | Yrd Mat Min Mat Mat Sto Fac Matter Collected 860 | 169 96 226 184 55 60 70 Remotely 302 | . 96 206 . . . . Salvage Created 1901 | . 96 197 712 91 333 472 Parts 102 | . 5 7 50 3 19 18 Haulers Intercepted . | . . . . . . . Recyclers Shooed 5 | . 1 . 2 . 1 1 Parts Field Recycled . | . . . . . . . Retrieved Matter . | . . . . . . . Parts Self-Destructed . | . . . . . . . Prevented . | . . . . . . . Kills | -11 -10 -10 -9 -8 -8 -7 ------- Run | Yrd Mat Min Mat Mat Sto Fac Combat Hostiles Destroyed 43 | . 2 4 19 2 7 9 Melee 1 | . . 1 . . . . Guns 25 | . 2 2 14 1 2 4 Cannons 15 | . . . 5 1 5 4 AOE 1 | . . . . . . 1 Classes Destroyed 9 | . 1 1 6 . . 1 Worker 2 | . . 1 . . . 1 Builder 2 | . . . 1 . . 1 Recycler 3 | . . . 1 . . 2 Watcher 2 | . . . 1 . . 1 Swarmer 12 | . . . 9 . . 3 Grunt 19 | . 2 4 4 1 3 5 Brawler 1 | . . . 1 . . . Duelist 1 | . . . . . . 1 Sentry 10 | . . . 5 1 4 . Best Kill Streak 8 | . 2 2 8 1 2 6 Combat Bots Only 8 | . 2 2 8 1 2 4 Max Kills in Single Turn 2 | . 1 1 2 1 1 2 Gunslinging . | . . . . . . . Exploded 1 | . . . . . . 1 Melee 1 | . . 1 . . . . Uniques/NPCs Destroyed . | . . . . . . . Combat | -11 -10 -10 -9 -8 -8 -7 -------- Run | Yrd Mat Min Mat Mat Sto Fac Hostile Shots Fired 567 | . 7 38 129 12 17 364 Missed 146 | . . 5 26 5 1 109 Damage Taken 5475 | . 79 469 1201 109 275 3342 Core 1200 | . . 183 249 30 34 704 Absorbed by Shields . | . . . . . . . Redirected to Shielding 46 | . . . 46 . . . Ignored by Resistances 84 | . . . . . . 84 Regen/Repaired (Parts) 126 | . . . . . 126 . Core Remaining (%) 62 | 100 . 26 37 . 88 . Volleys Fired 149 | . 13 14 62 6 16 38 Largest 3 | . 2 2 2 2 2 3 Hottest 175 | . 60 60 125 125 125 175 Shots Fired 310 | . 26 27 114 11 30 102 Gun 226 | . 26 27 91 5 15 62 Cannon 80 | . . . 23 6 15 36 Launcher 4 | . . . . . . 4 Special . | . . . . . . . Kinetic 38 | . 13 14 11 . . . Thermal 234 | . 13 13 99 11 30 68 Explosive . | . . . . . . . Electromagnetic 38 | . . . 4 . . 34 Robot Hit Streak 27 | . 11 7 27 12 7 8 Robot Miss Streak 6 | . 2 2 3 1 4 6 Penetration Max . | . . . . . . . Secondary Targets 1 | . . . 1 . . . Max Gunslinging Chain 1 | . . . 1 . . . Shots Hit Robots 230 | . 17 24 90 8 25 66 Core Hits 147 | . 5 6 33 3 25 75 Critical Kills . | . . . . . . . Critical Parts Destroyed 2 | . . 2 . . . . Critical Strikes 3 | . . 2 . 1 . . Burn 1 | . . . . 1 . . Smash 2 | . . 2 . . . . Melee Attacks 7 | . . 7 . . . . Impact 7 | . . 7 . . . . Slashing . | . . . . . . . Piercing . | . . . . . . . Sneak Attacks . | . . . . . . . Combat Hostiles . | . . . . . . . Follow-up Attacks . | . . . . . . . Damage Inflicted 4644 | . 215 385 1431 164 425 2024 Guns 2382 | . 215 218 969 48 176 756 Cannons 1230 | . . . 396 116 249 469 Explosions 855 | . . . 56 . . 799 Melee 167 | . . 167 . . . . Ramming 10 | . . . 10 . . . Kinetic 252 | . 93 103 56 . . . Thermal 3339 | . 122 115 1330 164 425 1183 Explosive . | . . . . . . . Electromagnetic 876 | . . . 35 . . 841 Impact 167 | . . 167 . . . . Slashing . | . . . . . . . Piercing . | . . . . . . . Highest Corruption 7 | . . . . . . 7 Average Corruption 5 | . . . . . . 5 Corruption Purged . | . . . . . . . Corruption Blocked . | . . . . . . . Effects 2 | . . . . . . 2 Data Loss (minor) 1 | . . . . . . 1 Misfires 1 | . . . . . . 1 Overload Shots . | . . . . . . . Overflow Damage 86 | . . 48 . . . 38 Projectiles 1 | . . . . . . 1 Explosions 37 | . . . . . . 37 Melee 48 | . . 48 . . . . Knockbacks . | . . . . . . . Impact . | . . . . . . . Kinetic . | . . . . . . . Secondary . | . . . . . . . Self-Inflicted Damage 75 | . . . 5 . . 70 Shots 5 | . . . . . . 5 Rammed 2 | . . . 2 . . . Targets Rammed 2 | . . . 2 . . . Kicked . | . . . . . . . Crushed . | . . . . . . . Highest Temperature 358 | . 18 114 189 157 216 358 Average Temperature 63 | . 13 40 59 62 49 95 Received Heat Transfer 1668 | . 42 282 411 36 135 762 Siege Activations . | . . . . . . . Robots Corrupted 1 | . . 1 . . . . Combat Hostiles 1 | . . 1 . . . . Parts Fried . | . . . . . . . Impact Corruptions 2 | . . 2 . . . . Robots Melted . | . . . . . . . Combat Hostiles . | . . . . . . . Parts Melted 15 | . . . 11 1 2 1 Heat Transferred 5640 | . 275 250 2699 370 632 1414 Parts Sabotaged . | . . . . . . . Parts Stolen . | . . . . . . . Parts Stripped . | . . . . . . . Power Chain Reactions 3 | . . . 1 . . 2 Alert | -11 -10 -10 -9 -8 -8 -7 ------- Run | Yrd Mat Min Mat Mat Sto Fac Peak Influence 282 | . 40 99 282 126 141 269 Initial 71 | . . 15 . 71 . . Average 66 | . 13 51 102 92 46 59 Maximum Alert Level 1 | . . . 1 . . 1 Low Security (%) 94 | 100 100 100 89 100 100 90 Level 1 5 | . . . 10 . . 9 Level 2 . | . . . . . . . Level 3 . | . . . . . . . Level 4 . | . . . . . . . Level 5 . | . . . . . . . High Security . | . . . . . . . Max Security . | . . . . . . . Squads Dispatched 8 | . . . 1 . . 7 Investigation 1 | . . . 1 . . . Extermination 2 | . . . . . . 2 Reinforcement 3 | . . . . . . 3 Assault . | . . . . . . . Garrison 2 | . . . . . . 2 Intercept . | . . . . . . . Searches Triggered . | . . . . . . . Construction Impeded 2 | . . . . . . 2 Haulers Reinforced . | . . . . . . . Active Scanning Responses . | . . . . . . . Cargo Convoy Interrupts 1 | . . . . . . 1 Stealth | -11 -10 -10 -9 -8 -8 -7 --------- Run | Yrd Mat Min Mat Mat Sto Fac Distress Signals 7 | . . . 5 . . 2 Communications Jammed . | . . . . . . . Distress Signals . | . . . . . . . Times Spotted 92 | . 2 4 28 2 11 45 Peak Tracking Total 14 | . 2 2 7 1 4 14 Tactical Retreats 3 | . . . 1 . . 2 Traps | -11 -10 -10 -9 -8 -8 -7 ------- Run | Yrd Mat Min Mat Mat Sto Fac Traps Triggered 3 | . . . 1 . 1 1 Indirectly . | . . . . . . . Trap Hack Attempts . | . . . . . . . Triggered . | . . . . . . . Disarmed . | . . . . . . . Reprogrammed . | . . . . . . . Reused . | . . . . . . . Traps Extracted . | . . . . . . . Installed . | . . . . . . . Triggered . | . . . . . . . Machines | -11 -10 -10 -9 -8 -8 -7 ---------- Run | Yrd Mat Min Mat Mat Sto Fac Machines Disabled 3 | . . . 1 . 1 1 Max in Single Turn 1 | . . . 1 . 1 1 Garrison Access 1 | . . . . . 1 . Machines Repaired . | . . . . . . . Machines Dismantled . | . . . . . . . Machines Sabotaged . | . . . . . . . Overloaded Fab Kills . | . . . . . . . Hacking | -11 -10 -10 -9 -8 -8 -7 --------- Run | Yrd Mat Min Mat Mat Sto Fac Machines Accessed 4 | . . 1 . . 3 . Terminals 2 | . . 1 . . 1 . Fabricators . | . . . . . . . Repair Stations 1 | . . . . . 1 . Recycling Units . | . . . . . . . Scanalyzers . | . . . . . . . Garrison Access 1 | . . . . . 1 . Total Hacks 8 | . . 3 . . 5 . Successful 8 | . . 3 . . 5 . Failed . | . . . . . . . Catastrophic . | . . . . . . . Database Lockouts . | . . . . . . . Manual . | . . . . . . . Terminals 4 | . . 3 . . 1 . Fabricators . | . . . . . . . Repair Stations 3 | . . . . . 3 . Recycling Units . | . . . . . . . Scanalyzers . | . . . . . . . Garrison Access 1 | . . . . . 1 . Terminal Hacks 4 | . . 3 . . 1 . Record 3 | . . 3 . . . . Open Door 1 | . . . . . 1 . Fabricator Hacks . | . . . . . . . Repair Station Hacks 3 | . . . . . 3 . Scan Component 2 | . . . . . 2 . Repair 1 | . . . . . 1 . Recycling Unit Hacks . | . . . . . . . Scanalyzer . | . . . . . . . Garrison Access Hacks 1 | . . . . . 1 . Seal Access 1 | . . . . . 1 . Unauthorized Hacks . | . . . . . . . Terminals . | . . . . . . . Fabricators . | . . . . . . . Repair Stations . | . . . . . . . Recycling Units . | . . . . . . . Scanalyzers . | . . . . . . . Garrison Access . | . . . . . . . Data Cores Recovered . | . . . . . . . Used . | . . . . . . . Hacking Detections 2 | . . 1 . . 1 . Full Trace Events . | . . . . . . . Feedback Events . | . . . . . . . Feedback Blocked . | . . . . . . . Robot Schematics Acquired . | . . . . . . . Robots Built . | . . . . . . . Authchips . | . . . . . . . Time . | . . . . . . . Total Robot Build Rating . | . . . . . . . Part Schematics Acquired . | . . . . . . . Parts Built . | . . . . . . . Authchips . | . . . . . . . Time . | . . . . . . . Total Part Build Rating . | . . . . . . . Parts Repaired 1 | . . . . . 1 . Time 26 | . . . . . 26 . Parts Recycled . | . . . . . . . Recycled Matter . | . . . . . . . Retrieved Matter . | . . . . . . . Retrieved Components . | . . . . . . . Parts Scanalyzed . | . . . . . . . Part Schematics Acquired . | . . . . . . . Parts Damaged . | . . . . . . . Bothacking | -11 -10 -10 -9 -8 -8 -7 ------------ Run | Yrd Mat Min Mat Mat Sto Fac Used RIF Installer . | . . . . . . . Robots Hacked . | . . . . . . . Non-combat . | . . . . . . . Combat . | . . . . . . . Robot Hacks Applied . | . . . . . . . Relay Couplers Released . | . . . . . . . Fabnet Peak Effective % . | . . . . . . . Robots Rewired . | . . . . . . . Allies Hacked . | . . . . . . . Hacks Repelled . | . . . . . . . Allies | -11 -10 -10 -9 -8 -8 -7 -------- Run | Yrd Mat Min Mat Mat Sto Fac Total Allies 10 | . . . . . 10 . Largest Group 10 | . . . . . 10 10 Highest-Rated Group 173 | . . . . . 173 173 Highest-Rated Ally 29 | . . . . . 29 29 Total Orders 1 | . . . . . . 1 ROAM 1 | . . . . . . 1 Ally Attacks 72 | . . . . . . 72 Total Damage 888 | . . . . . . 888 Kills 11 | . . . . . . 11 Allies Corrupted 1 | . . . . . . 1 Allies Melted . | . . . . . . . Intel | -11 -10 -10 -9 -8 -8 -7 ------- Run | Yrd Mat Min Mat Mat Sto Fac Robot Analysis Total . | . . . . . . . Derelict Logs Recovered . | . . . . . . . Drone Launches . | . . . . . . . Drone Recoveries . | . . . . . . . Exploration | -11 -10 -10 -9 -8 -8 -7 ------------- Run | Yrd Mat Min Mat Mat Sto Fac Turns Passed 5197 | 73 185 426 1243 494 1216 1560 Spaces Moved 1622 | 46 81 247 418 145 333 352 Core 12 | 11 . . . . . 1 Treads 998 | 3 . . 167 145 333 350 Legs . | . . . . . . . Wheels 612 | 32 81 247 251 . . 1 Hover . | . . . . . . . Flight . | . . . . . . . Fastest Speed 50 | 50 100 135 135 320 320 200 Average Speed 272 | 91 165 135 230 320 320 401 Slowest Speed 1350 | 160 175 175 480 320 320 1350 Overloaded Moves . | . . . . . . . Propulsion Burnouts . | . . . . . . . Robots Hopped . | . . . . . . . Cave-ins Triggered . | . . . . . . . Exploration Rate (%) 27 | 3 19 57 41 17 46 10 Regions Visited 6 Branch Regions 2 Pre-discovered Areas . | . . . . . . . Known Exits Taken . | . . . . . . . Unknown Exits Taken 6 | 1 1 1 1 1 1 . Scrap Searched 1 | . . 1 . . . . Spaces Dug . | . . . . . . . Terrain Destroyed 12 | . . . 5 . . 7 Melee . | . . . . . . . Projectile 3 | . . . 2 . . 1 AOE 9 | . . . 3 . . 6 Terrain Rammed . | . . . . . . . Walls Destroyed . | . . . . . . . Machines Disabled . | . . . . . . . Actions | -11 -10 -10 -9 -8 -8 -7 --------- Run | Yrd Mat Min Mat Mat Sto Fac Total 2133 | 75 106 298 589 167 462 436 Wait 166 | 16 2 11 49 1 82 5 Move 1616 | 45 80 246 417 144 332 352 Hop . | . . . . . . . Pick Up 83 | 8 8 15 24 6 12 10 Fast Attach 6 | 2 . . 3 . 1 . Attach 44 | 4 1 2 13 3 1 20 Detach 1 | . . . 1 . . . Swap 18 | . 1 2 5 3 4 3 Drop 39 | . 1 1 13 4 14 6 Fire 149 | . 13 14 62 6 16 38 Melee 7 | . . 7 . . . . Ram 1 | . . . 1 . . . Kick . | . . . . . . . Crush 1 | . . . 1 . . . Escape Stasis 2 | . . . . . . 2 Rewire . | . . . . . . . Trap . | . . . . . . . Miscellaneous . | . . . . . . . Route ------- -11/Scrapyard -10/Materials -10/Mines -9/Materials (discovered 2 exits: [*Mat] / [*Min]) -8/Materials -8/Storage -7/Factory History --------- Turn | Location | Event 24 | -11/Scrapyard | Discovered new exit (range 15) 74 | -11/Scrapyard | Entered Materials 179 | -10/Materials | Discovered new exit (range 7) 259 | -10/Materials | Entered Mines 318 | -10/Mines | Build established: Mutant 466 | -10/Mines | Found DCF Scrap (15 items) 513 | -10/Mines | Received a Rocket Launcher from a helpful Derelict 576 | -10/Mines | Core integrity fell below 50% 610 | -10/Mines | Lost 3 parts (1n1u1w) 681 | -10/Mines | Discovered new exit (range 4) 685 | -10/Mines | Entered Materials 685 | -9/Materials | Evolved 2 slots: Utility x2 861 | -9/Materials | Lost 6 parts (1p1n2u2w) 1098 | -9/Materials | Core integrity fell below 50% 1421 | -9/Materials | Build established: Scavenger-Mutant 1587 | -9/Materials | Discovered new exit (range 15) 1808 | -9/Materials | Destroyed 8 combat bots 1880 | -9/Materials | Discovered new exit (range 16) 1928 | -9/Materials | Entered another Materials area 1928 | -8/Materials | Evolved 2 slots: Power x1, Utility x1 1994 | -8/Materials | Discovered new exit (range 13) 2422 | -8/Materials | Entered Storage 2623 | -8/Storage | Repaired Lgt. Treads 3247 | -8/Storage | Build established: Mutant 3436 | -8/Storage | Discovered new exit (range 15) 3582 | -8/Storage | Assisted by bots powering up and referring to "LRC-V3" 3638 | -8/Storage | Entered Factory 3638 | -7/Factory | Accompanied by 10 allies 3638 | -7/Factory | Evolved 2 slots: Utility x1, Weapon x1 3926 | -7/Factory | Build established: Commander-Tank 4756 | -7/Factory | Lost 3 allies 4991 | -7/Factory | Garrison activated, responded to threat 5040 | -7/Factory | Build established: Tank 5145 | -7/Factory | Garrison activated, responded to threat 5151 | -7/Factory | Cargo convoy interrupted 5183 | -7/Factory | Core integrity fell below 50% 5196 | -7/Factory | Core integrity fell below 20% 5198 | -7/Factory | Destroyed by Y-54 Guardian with Gatling Laser Last Messages --------------- 05191_ Ion Cannon destroyed. 05192_ Imp. Heat Sink destroyed. 05192_ Hrd. Medium Armor Plating destroyed. 05192_ Lgt. Nuclear Core destroyed. 05192_ Ion Cannon destroyed. 05192_ K-01 Serf collects debris. 05193_ U-05 Engineer lays Concrete. 05193_ Penetrated by Slug. 05193_ U-05 Engineer builds a Wall. 05194_ U-05 Engineer lays Concrete. 05194_ Slug penetrates Wall. 05194_ Weapon Cycler destroyed. 05195_ Hyb. Deuterium Engine destroyed. 05195_ U-05 Engineer repairs door. 05195_ K-01 Serf collects debris. 05196_ Wheel destroyed. 05196_ U-05 Engineer lays Concrete. 05197_ Penetrated by Slug. 05197_ U-05 Engineer destroyed. 05197_ U-05 Engineer builds a Wall. Map ----- +----------------------------------------------------+ | ?????????????????????????????????????????????????? | | ?????????????????????????????????????????????????? | | ?????????????????????????????????????????????????? | | ?????????????????????????????????????????????????? | | ?????????????????????????????????????????????????? | | ?????????????????????????????????????????????????? | | ?????????????????????????????????????????????????? | | ?????????????????????????????????????????????????? | | ?????????????????????????????????????????????????? | | ?????????????????????????????????????????????????? | | ?????????????????????????????????????????????????? | | ?????????????????????????????????? ??????????????? | | ????????????????????????????????? ??????????????? | | ????????????????????????????????? ??? ????????? | | ????????????????????????????????? ??? ??????? | | ????????????????????????????????# #??# "?????? | | ????????????????????????????????# #??# ""????? | | ???????????????????????##+##????# #??# ""????? | | ?????????????????????### #??### #??# ???? | | ?????????????????????? # #### # #??# """??? | | ???????????????????????i ######+#### """"?? | | ???????????????????????# # ## """""? | | ??????????????""???????# # ## """"?" | | ?????????????""" ???# * # % ## ? | | ?????????????""" #g%u#%% % ## """""" | | ???????????# /Y@!u%% ## """""" | | ?????????????????#######g%%#%!* ## """""" | | ???????????????????????# !=#[!= ## """""" | | ???????????????????????# ph#!!! [= + | | ???????????????????????# *%# !!%[ ## """"" | | ???????????????????????#u p##"##+##### """"" | | ???????????????????????# #? ?% ??# """ | | ???????????????????????#% #? =?? #?# | | ???????????????????????% #? ?? #?# | | ??????????????????????? #?? ???#?# | | ?????????????????????? #?? ????# | | ?????????????????????? #??+##????### | | ????????????????????? #???????????# | | ????????????????????? ????????????# | | ??????????????????????### #????????????########### | | ?????????????????????????k???????????????????????? | | ?????????????????????????????????????????????????? | | ?????????????????????????????????????????????????? | | ?????????????????????????????????????????????????? | | ?????????????????????????????????????????????????? | | ?????????????????????????????????????????????????? | | ?????????????????????????????????????????????????? | | ?????????????????????????????????????????????????? | | ?????????????????????????????????????????????????? | | ?????????????????????????????????????????????????? | +----------------------------------------------------+ Best States ------------- Heat Dissipation 76 Energy Generation 21 Energy Capacity 980 Matter Stores 300 Matter Capacity 300 Sight Range 16 Terrain Scan Density 10 Armor Coverage 525 Resistance: KI 20 Power Shielding 33 Weapon Cycling 15 Evasion (%) 40 Recoil Reduction 2 Item Schematics ----------------- None Robot Schematics ------------------ None Fabricated ------------ Nothing Alien Tech Used ----------------- None Achievements -------------- None Challenges ------------ None Game ------ Seed ThrowingHellfireFrame Manual? 0 Play Time 00:32:40 Cumulative 29.0 hours Start 2025.01.01 @ 11:32:06 End 2025.01.01 @ 12:12:09 Sessions 1 Manual Loads 0 Difficulty Rogue Special Mode None Game No. 59 Rogue 59 Adventurer 0 Explorer 0 Win Type - Total 0 Types 0/0/0/0/0/0/0/0/0 Lore% 4 Gallery% 27 Achievement% 23 Wizard Run 0 Options --------- Layout 1 ASCII 0 Keyboard 0 Movement Mouse Keybinds 0 Fullscreen 2 Font 32/SmallcapsGlow Map View 50x35 Zoom Use 0% Tactical HUD 1 Map Filters NONE Filters NONE Steam 1 RUN: 69691df5-0473-45b8-ac5a-e4216d4e3b02